 Dungeon Crawl Stone Soup version 0.30-a0-122-g2a1322497e (webtiles) character file.

Game seed: 9991267654424857804

0 Dreamer the Sneak (level 1, -2/21 HPs)
             Began as a Naga Delver on Sept 15, 2022.
             Slain by a gnoll
             ... wielding a +0 flail
              (8 damage)
             ... on level 4 of the Dungeon.
             The game lasted 00:00:22 (29 turns).

Dreamer the Sneak (Naga Delver)                       Turns: 29, Time: 00:00:24

Health: -2/21      AC:  1    Str: 14    XL:     1   Next: 10%
Magic:  1/1        EV:  9    Int: 10    God:
Gold:   0          SH:  0    Dex: 12    Spells: 0/0 levels left

rFire   . . .      SeeInvis +    a - +0 short sword
rCold   . . .      Faith    .    (no shield)
rNeg    . . .      Spirit   .    b - +0 leather armour
rPois   +          Reflect  .    (no helmet)
rElec   .          Harm     .    (no cloak)
rCorr   .          Rampage  .    (no gloves)
Will    .....                    (no barding)
Stlth   +++.......               (no amulet)
HPRegen 0.07/turn                (no ring)
MPRegen 0.07/turn                (no ring)

@: very slow
A: AC +0, large, see invisible, deformed body, poison resistance, slowness 2,
spit poison 1, naga tail 1
a: Spit Poison


You were on level 4 of the Dungeon.
You visited 1 branch of the dungeon, and saw 2 of its levels.

Inventory:

Hand Weapons
 a - a +0 short sword (weapon)
 h - a +0 dagger
Armour
 b - a +0 leather armour (worn)
Wands
 g - a wand of digging (3)
Scrolls
 c - a scroll of fog
 d - a scroll of magic mapping
 e - a scroll of fear
Potions
 f - a potion of haste


   Skills:
 + Level 3.0 Fighting
 * Level 2.0 Short Blades
 + Level 1.5 Dodging
 * Level 7.2 Stealth


You couldn't memorise any spells.
You didn't know any spells.
Your spell library was empty.

Dungeon Overview and Level Annotations

Branches:
Dungeon (5/15)
 Temple: D:4-7

Altars:


Innate Abilities, Weirdness & Mutations

Your serpentine skin is tough. (AC +0)
You have supernaturally acute eyesight. (SInv)
Armour fits poorly on your strangely shaped body.
Your system is resistant to poisons. (rPois)
You cover ground very slowly.
You can spit poison.
You have a snake-like lower body.


Message History

Welcome, Dreamer the Naga Delver.
The heart of this dungeon contains the glorious artefact, the Orb of Zot.
Press ? for a list of commands and other information.
Found a stone staircase leading down.
Found a stone staircase leading up.
There is a stone staircase leading up here.
You climb upwards.
The kobold shouts!
You hear a shout! x3
There is a stone staircase leading down here.
The splash of poison hits the kobold!
The kobold is poisoned.
You kill the kobold!
A gnoll comes into view. It is wielding a +0 flail.
You have got your breath back.
A gnoll comes into view. It is wielding a +0 flail.
Things that are here:
a +0 dagger; a kobold corpse
h - a +0 dagger
Okay, then.
You hit the gnoll.
The gnoll is lightly wounded.
You hit the gnoll.
The gnoll is moderately wounded.
The gnoll hits you with a +0 flail!
You hit the gnoll.
The gnoll is heavily wounded.
The gnoll hits you with a +0 flail!
* * * LOW HITPOINT WARNING * * *
You barely miss the gnoll.
The gnoll is heavily wounded.
The gnoll completely misses you.
You barely miss the gnoll.
The gnoll is heavily wounded.
You closely miss the gnoll.
The gnoll is heavily wounded.
The gnoll hits you with a +0 flail!
You die...

#.. #.# ... #.#
## #.# .# #.#
.# #.##.#
##########.@gg#
..........###.#
.......>..+ ...
..........#
.###
..........# .#
............ ..
#######+##.....
..... .....


You could see 2 gnolls.

Vanquished Creatures
  A kobold (D:4)
1 creature vanquished.

Notes
Turn   | Place    | Note
-------+----------+-------------------------------------------
     0 | D:5      | Dreamer the Naga Delver began the quest for the Orb.
     0 | D:5      | Reached XP level 1. HP: 21/21 MP: 1/1
    29 | D:4      | Slain by a gnoll

Illustrated notes

Levels and vault maps discovered:
D:4:      layout_basic, ashenzari_altar_1, minmay_temple_entry_proselytizer,
          serial_shops, nicolae_shop_behind_doors, shop, kennysheep_little_box,
          uniq_menkaure
D:5:      layout_basic, mainiacjoe_overflow_brackets, marbit_many_paths

Action                   || total
-------------------------++-------
Melee: Short sword       ||     6
 Abil: Spit Poison       ||     1
Dodge: Dodged            ||     1

Table legend: (Time is in decaauts)
 A = Elapsed time spent in this place.
 B = Non-inter-level travel time spent in this place.
 C = Inter-level travel time spent in this place.
 D = Time resting spent in this place.
 E = Time spent auto-exploring this place.
 F = Levels seen in this place.
 G = Mean time per level.
                   A        B        C        D        E       F      G
               +--------+--------+--------+--------+--------+-----+--------+
         Total |     36 |     36 |      0 |      0 |      8 |   2 |   18.0 |
       Dungeon |     36 |     36 |      0 |      0 |      8 |   2 |   18.0 |
               +--------+--------+--------+--------+--------+-----+--------+

Top non-repeatable levels by time:
     D:5: 20 daAuts
     D:4: 15 daAuts
